 Dungeon Crawl Stone Soup version 0.31.0-11-ge490571c62 (webtiles) character file.

Game seed: 16499575984264349495

103 thiscave3701365 the Chopper (level 4, -1/41 HPs)
             Began as a Gnoll Berserker on Feb 2, 2024.
             Was a Believer of Trog.
             Slain by an orc wizard
             ... wielding a +0 dagger
              (2 damage)
             ... on level 4 of the Dungeon.
             The game lasted 00:04:49 (2897 turns).

thiscave3701365 the Chopper (Gnoll Berserker)       Turns: 2897, Time: 00:04:50

Health: -1/41      AC: 12    Str: 18    XL:     4   Next: 79%
Magic:  5/5        EV: 11    Int:  7    God:    Trog [**....]
Gold:   166        SH:  0    Dex: 11    Spells: 5/5 levels left

rFire   . . .        a - +0 hand axe
rCold   . . .        (no shield)
rNeg    . . .        l - +0 plate armour
rPois   .            (no helmet)
rElec   .            (no cloak)
rCorr   .            (no gloves)
SInv    .            (no boots)
Will    .....        (no amulet) Stlth
                     q - +5 ring of evasion
HPRegen 0.26/turn    (no ring)
MPRegen 0.09/turn

%: no passive effects
@: on berserk cooldown, slowed, very slow
A: fangs 1, strong nose, distributed training
a: Renounce Religion, Berserk, Trog's Hand


You were on level 4 of the Dungeon.
You worshipped Trog.
Trog was pleased with you.
You visited 1 branch of the dungeon, and saw 4 of its levels.

You collected 166 gold pieces.

Inventory:

Hand Weapons
 a - a +0 hand axe (weapon)
 h - a +0 rapier
 n - a +0 sling
 r - a +2 dagger of draining
Armour
 l - a +0 plate armour (worn)
Jewellery
 d - a ring of ice
 q - a +5 ring of evasion (left hand)
Scrolls
 c - a scroll of poison {unknown}
 e - a scroll of identify {unknown}
 f - 2 scrolls of noise {unknown}
 g - a scroll of immolation {unknown}
 o - a scroll of summoning {unknown}
 s - a scroll of teleportation {unknown}
Potions
 b - a potion of cancellation {unknown}
 i - a potion of resistance {unknown}
 j - 2 potions of curing {unknown}
 k - a potion of magic {unknown}
 m - a potion of degeneration {unknown}
 p - 2 potions of brilliance {unknown}


   Skills:
 + Level 6.6 Fighting
 + Level 1.3 Short Blades
 + Level 1.3 Long Blades
 + Level 6.6 Axes
 + Level 1.3 Maces & Flails
 + Level 1.3 Polearms
 + Level 1.3 Staves
 + Level 1.3 Ranged Weapons
 + Level 1.3 Throwing
 + Level 4.7 Armour
 + Level 4.7 Dodging
 + Level 1.3 Stealth
 + Level 1.3 Shields
 + Level 1.3 Unarmed Combat
 + Level 1.3 Spellcasting
 + Level 1.0 Conjurations
 + Level 1.0 Hexes
 + Level 1.0 Summonings
 + Level 1.0 Necromancy
 + Level 1.0 Translocations
 + Level 1.0 Fire Magic
 + Level 1.0 Ice Magic
 + Level 1.0 Air Magic
 + Level 1.0 Earth Magic
 + Level 1.0 Alchemy
 + Level 1.4 Invocations
 + Level 1.3 Evocations
 + Level 1.2 Shapeshifting


You had 5 spell levels left.
You didn't know any spells.
Your spell library was empty.

Dungeon Overview and Level Annotations

Branches:
Dungeon (4/15)             Temple (0/1) D:4

Altars:
Ru

Annotations:
D:2 1 runed translucent door, Crazy Yiuf


Innate Abilities, Weirdness & Mutations

You have very sharp teeth.
Your uncanny sense of smell can sniff out nearby items.
Your experience applies equally to all skills.


Message History

You hear some strange, mumbled words.
A magic dart appears from out of thin air!
The magic dart hits you but does no damage.
The goblin barely misses you. The iguana bites you.
You hit the iguana.
The iguana is moderately wounded.
You hit something. You closely miss the goblin.
Something hits you but does no damage. The goblin closely misses you.
The iguana bites you.
You hit the iguana but do no damage. You bite the iguana, but do no damage.
The iguana is moderately wounded.
You completely miss something. You miss the goblin.
Something hits you but does no damage. The goblin barely misses you.
The iguana bites you but does no damage.
Something hits you but does no damage. The goblin closely misses you.
The iguana closely misses you.
You hit the iguana but do no damage.
The iguana is moderately wounded.
You hit something but do no damage. You hit the goblin.
You kill the goblin!
Trog accepts your kill. Something hits you but does no damage.
The iguana barely misses you.
Unknown command.
You barely miss something. You miss something. You hit the iguana.
Something hits you. The iguana bites you!
* * * LOW HITPOINT WARNING * * *
Something barely misses you. Something hits you but does no damage.
The iguana closely misses you. Something hits you but does no damage.
You miss something. You completely miss the iguana. You closely miss something.
Something hits you but does no damage. The iguana bites you.
* * * LOW HITPOINT WARNING * * *
Something hits you but does no damage.
You closely miss something. You miss something. You closely miss the iguana.
Something hits you but does no damage. The iguana bites you.
* * * LOW HITPOINT WARNING * * *
Something hits you but does no damage. x2; The iguana barely misses you.
Something hits you but does no damage.
You miss something. You barely miss something. You hit the iguana.
Something hits you.
You die...

.............#.#.#.#.#.# .....
.......................# #...#
.......................##....#
.............................#
#...............###..........#
.......## ###....###..#
.#.....### ##...## .
........{####....#
.......†l@......##
.......){..........#
......############..# .....#
.# ..... # ..## #


You could see an iguana.

Vanquished Creatures
  A hound (D:4)
  An adder (D:3)
  3 dart slugs
  3 orcs
  7 bats
  6 endoplasms
  5 giant cockroaches
  5 goblins
  5 hobgoblins
  4 kobolds
  6 frilled lizards
  10 rats
56 creatures vanquished.

Notes
Turn   | Place    | Note
-------+----------+-------------------------------------------
     0 | D:1      | thiscave3701365 the Gnoll Berserker began the quest for the
                  | Orb.
     0 | D:1      | Reached XP level 1. HP: 23/23 MP: 1/1
    68 | D:1      | Reached XP level 2. HP: 23/29 MP: 2/2
   774 | D:2      | Found a runed translucent door.
   775 | D:2      | Noticed Crazy Yiuf
  1191 | D:2      | Reached XP level 3. HP: 35/35 MP: 3/3
  2029 | D:3      | Reached skill level 1 in Invocations
  2204 | D:3      | Reached skill level 1 in Short Blades
  2204 | D:3      | Reached skill level 1 in Long Blades
  2204 | D:3      | Reached skill level 1 in Maces & Flails
  2204 | D:3      | Reached skill level 1 in Polearms
  2204 | D:3      | Reached skill level 1 in Staves
  2204 | D:3      | Reached skill level 1 in Ranged Weapons
  2204 | D:3      | Reached skill level 1 in Throwing
  2204 | D:3      | Reached skill level 1 in Stealth
  2204 | D:3      | Reached skill level 1 in Shields
  2204 | D:3      | Reached skill level 1 in Unarmed Combat
  2204 | D:3      | Reached skill level 1 in Spellcasting
  2204 | D:3      | Reached skill level 1 in Evocations
  2564 | D:3      | Found a sacrificial altar of Ru.
  2611 | D:3      | Reached ** piety under Trog
  2612 | D:3      | Reached skill level 1 in Shapeshifting
  2612 | D:3      | Reached XP level 4. HP: 41/41 MP: 5/5
  2836 | D:4      | Found a staircase to the Ecumenical Temple.
  2862 | D:4      | Reached skill level 1 in Conjurations
  2862 | D:4      | Reached skill level 1 in Hexes
  2862 | D:4      | Reached skill level 1 in Summonings
  2862 | D:4      | Reached skill level 1 in Necromancy
  2862 | D:4      | Reached skill level 1 in Translocations
  2862 | D:4      | Reached skill level 1 in Fire Magic
  2862 | D:4      | Reached skill level 1 in Ice Magic
  2862 | D:4      | Reached skill level 1 in Air Magic
  2862 | D:4      | Reached skill level 1 in Earth Magic
  2862 | D:4      | Reached skill level 1 in Alchemy
  2896 | D:4      | HP: 1/41 [iguana (5)]
  2897 | D:4      | Slain by an orc wizard

Illustrated notes

Levels and vault maps discovered:
D:1:      lemuel_arrival_lava_pool, layout_basic, minmay_misc_feat_cross,
          chequers_serial_rivers_large_a
D:2:      layout_loops_corners, uniq_crazy_yiuf_cottage
D:3:      layout_loops_ring, mainiacjoe_overflow_paths
D:4:      layout_layer_cave, minmay_temple_entry_glass,
          amcnicky_mini_pool_small, kennysheep_generic_room_4

Skill      XL: |  1  2  3  4 |
---------------+-------------+-----
Invocations    | 1 |  1.4
Short Blades   | 1 |  1.3
Long Blades    | 1 |  1.3
Maces & Flails | 1 |  1.3
Polearms       | 1 |  1.3
Staves         | 1 |  1.3
Ranged Weapons | 1 |  1.3
Throwing       | 1 |  1.3
Stealth        | 1 |  1.3
Shields        | 1 |  1.3
Unarmed Combat | 1 |  1.3
Spellcasting   | 1 |  1.3
Evocations     | 1 |  1.3
Shapeshifting  | 1 |  1.2
Conjurations   | 1 |  1.0
Hexes          | 1 |  1.0
Summonings     | 1 |  1.0
Necromancy     | 1 |  1.0
Translocations | 1 |  1.0
Fire Magic     | 1 |  1.0
Ice Magic      | 1 |  1.0
Air Magic      | 1 |  1.0
Earth Magic    | 1 |  1.0
Alchemy        | 1 |  1.0
Fighting       | |  6.6
Axes           | |  6.6
Armour         | |  4.7
Dodging        | |  4.7

Action                     |  1- 3 |  4- 6 || total
---------------------------+-------+-------++-------
  Melee: Hand axe          |    74 |    23 ||    97
         Bite              |     5 |     2 ||     7
   Fire: Sling             |    59 |    17 ||    76
 Invoke: Berserk           |     1 |     1 ||     2
 Armour: Animal skin       |    20 |       ||    20
         Ring mail         |     4 |       ||     4
         Plate armour      |    52 |    58 ||   110
  Dodge: Dodged            |    75 |    27 ||   102
